 Dungeon Crawl Stone Soup version 0.21.1-1-g345015f (webtiles) character file.

254 wilfster70 the Sneak (level 6, -2/44 HPs)
             Began as a Gnoll Enchanter on Feb 6, 2018.
             Slain by Mgcat's ghost (11 damage)
             ... on level 4 of the Dungeon.
             The game lasted 00:15:21 (3840 turns).

wilfster70 the Sneak (Gnoll Enchanter)              Turns: 3840, Time: 00:15:22

Health: -2/44      AC:  5    Str: 10    XL:     6   Next: 15%
Magic:  10/13      EV: 15    Int: 22    God:
Gold:   188        SH:  0    Dex: 16    Spells: 9/15 levels left

rFire    . . .     SeeInvis .   a - +1 dagger
rCold    . . .     Gourm    .   (no shield)
rNeg     . . .     Faith    .   r - +0 robe
rPois    .         Spirit   .   (no helmet)
rElec    .         Reflect  .   f - +2 cloak
rCorr    .         Harm     .   (no gloves)
MR       .....                  (no boots)
Stlth    ++........             (no amulet)
HPRegen  0.14/turn              m - ring of loudness (curse)
MPRegen  0.13/turn              p - +3 ring of intelligence

@: no status effects
A: distributed training, fangs 1, strong nose
a: no special abilities


You were on level 4 of the Dungeon.
You were very hungry.

You visited 1 branch of the dungeon, and saw 4 of its levels.

You collected 188 gold pieces.

Inventory:

Hand Weapons
 a - a +1 dagger (weapon)
 b - a +2 war axe of electrocution
Missiles
 h - 115 stones (quivered)
Armour
 f - a +2 cloak (worn)
 r - a +0 robe (worn)
Jewellery
 m - a cursed ring of loudness (left hand)
 p - a +3 ring of intelligence (right hand)
Wands
 l - a wand of disintegration (7)
 t - a wand of polymorph (14)
Scrolls
 g - a scroll of fog
 j - 5 scrolls of teleportation
Potions
 e - a potion of haste {unknown}
 i - 2 potions of curing
 k - a potion of agility {unknown}
 n - a potion of berserk rage {unknown}
 q - a potion of cancellation {unknown}
 s - 2 potions of might {unknown}
Books
 c - a book of Maledictions

   Spells                             Type                      Level
   a - Corona                         Hexes                        1
   b - Ensorcelled Hibernation        Hexes/Ice                    2
   c - Confuse                        Hexes                        3
   d - Tukima's Dance                 Hexes                        3
   e - Dazzling Spray                 Conjuration/Hexes            3
Comestibles
 d - 3 rations


   Skills:
 + Level 1.8 Fighting
 + Level 3.1 Short Blades
 + Level 1.8 Long Blades
 + Level 1.8 Axes
 + Level 1.8 Maces & Flails
 + Level 1.8 Polearms
 + Level 1.8 Staves
 + Level 1.8 Slings
 + Level 1.8 Bows
 + Level 1.8 Crossbows
 + Level 1.8 Throwing
 + Level 1.8 Armour
 + Level 4.9 Dodging
 + Level 6.2 Stealth
 + Level 1.8 Shields
 + Level 1.8 Unarmed Combat
 + Level 5.3 Spellcasting
 + Level 1.4 Conjurations
 + Level 5.6 Hexes
 + Level 1.4 Charms
 + Level 1.4 Summonings
 + Level 1.4 Necromancy
 + Level 1.4 Translocations
 + Level 1.4 Transmutations
 + Level 1.4 Fire Magic
 + Level 1.4 Ice Magic
 + Level 1.4 Air Magic
 + Level 1.4 Earth Magic
 + Level 1.4 Poison Magic
 + Level 2.0 Invocations
 + Level 1.8 Evocations


You had 9 spell levels left.
You knew the following spells:

 Your Spells              Type           Power        Failure   Level  Hunger
a - Corona                Hex            ####...      1%          1    None
b - Ensorcelled Hibernat  Hex/Ice        ###...       3%          2    None
c - Confuse               Hex            ####....     3%          3    ##.....


Dungeon Overview and Level Annotations

Branches:
Dungeon (4/15)
 Temple: D:4-7

Altars:

Annotations:
D:4 Mgcat's ghost, amateur TrTm


Innate Abilities, Weirdness & Mutations

Your experience applies equally to all skills.
You have very sharp teeth.
Your uncanny sense of smell can sniff out nearby items.


Message History

* * * LOW HITPOINT WARNING * * *
You catch the helpless Mgcat's ghost completely off-guard!
You puncture Mgcat's ghost!
You bite Mgcat's ghost, but do no damage.
Mgcat's ghost is almost destroyed.
You hit Mgcat's ghost but do no damage.
You punch Mgcat's ghost, but do no damage.
Mgcat's ghost is almost destroyed.
Mgcat's ghost seems less confused.
Mgcat's ghost hits you but does no damage.
You hit Mgcat's ghost but do no damage.
Mgcat's ghost is almost destroyed.
You hit Mgcat's ghost but do no damage.
Mgcat's ghost is almost destroyed.
Mgcat's ghost hits you but does no damage.
You hit Mgcat's ghost but do no damage.
Mgcat's ghost is almost destroyed.
Mgcat's ghost assumes a wrestling stance.
Mgcat's ghost hits you!
You die...

### ..# #.# #### #.#
..# #.# #.# #W#
#.####.####@#
#...........#######
...####.###.........
#.# ##.####### #.#
#.# ∆ #.# #.# #.#
#.# #.####.#####
#..........#


You could see Mgcat's ghost.

Vanquished Creatures
  An orc wizard (D:4)
  Terence (D:3)
  2 worker ants
  An adder (D:2)
  6 gnolls
  2 oozes (D:2)
  A worm (D:2)
  4 dart slugs
  2 leopard geckos (D:1)
  5 orcs
  A ball python (D:3)
  6 giant cockroaches
  4 goblins
  8 hobgoblins
  2 quokkas
  6 bats
  A frilled lizard (D:2)
  5 kobolds
  7 rats
65 creatures vanquished.

Notes
Turn   | Place    | Note
-------+----------+-------------------------------------------
     0 | D:1      | wilfster70 the Gnoll Enchanter began the quest for the Orb.
     0 | D:1      | Reached XP level 1. HP: 13/13 MP: 6/6
   275 | D:1      | Reached XP level 2. HP: 5/19 MP: 4/7
   279 | D:1      | Learned a level 2 spell: Ensorcelled Hibernation
  1121 | D:2      | Reached skill level 6 in Stealth
  1121 | D:2      | Reached skill level 5 in Spellcasting
  1121 | D:2      | Reached skill level 1 in Invocations
  1121 | D:2      | Reached XP level 3. HP: 25/25 MP: 5/9
  1126 | D:2      | Learned a level 3 spell: Confuse
  1312 | D:2      | Reached skill level 1 in Fighting
  1312 | D:2      | Reached skill level 1 in Long Blades
  1312 | D:2      | Reached skill level 1 in Axes
  1312 | D:2      | Reached skill level 1 in Maces & Flails
  1312 | D:2      | Reached skill level 1 in Polearms
  1312 | D:2      | Reached skill level 1 in Staves
  1312 | D:2      | Reached skill level 1 in Slings
  1312 | D:2      | Reached skill level 1 in Bows
  1312 | D:2      | Reached skill level 1 in Crossbows
  1312 | D:2      | Reached skill level 1 in Throwing
  1312 | D:2      | Reached skill level 1 in Armour
  1312 | D:2      | Reached skill level 1 in Shields
  1312 | D:2      | Reached skill level 1 in Unarmed Combat
  1312 | D:2      | Reached skill level 1 in Evocations
  1341 | D:1      | Reached XP level 4. HP: 30/32 MP: 8/11
  1588 | D:2      | Reached skill level 1 in Conjurations
  1588 | D:2      | Reached skill level 1 in Charms
  1588 | D:2      | Reached skill level 1 in Summonings
  1588 | D:2      | Reached skill level 1 in Necromancy
  1588 | D:2      | Reached skill level 1 in Translocations
  1588 | D:2      | Reached skill level 1 in Transmutations
  1588 | D:2      | Reached skill level 1 in Fire Magic
  1588 | D:2      | Reached skill level 1 in Ice Magic
  1588 | D:2      | Reached skill level 1 in Air Magic
  1588 | D:2      | Reached skill level 1 in Earth Magic
  1588 | D:2      | Reached skill level 1 in Poison Magic
  1991 | D:2      | Reached XP level 5. HP: 37/37 MP: 6/12
  2470 | D:3      | Noticed Terence
  2478 | D:3      | Killed Terence
  3437 | D:4      | Noticed Mgcat's ghost (amateur TrTm)
  3468 | D:4      | Reached XP level 6. HP: 32/44 MP: 1/13
  3480 | D:3      | HP: 1/44 [orc/war axe of electrocution (16)]
  3840 | D:4      | Slain by Mgcat's ghost

Skill      XL: |  1  2  3  4  5  6 |
---------------+-------------------+-----
Stealth        | 6 |  6.2
Spellcasting   | 5 |  5.3
Invocations    | 1 2 |  2.0
Fighting       | 1 |  1.8
Long Blades    | 1 |  1.8
Axes           | 1 |  1.8
Maces & Flails | 1 |  1.8
Polearms       | 1 |  1.8
Staves         | 1 |  1.8
Slings         | 1 |  1.8
Bows           | 1 |  1.8
Crossbows      | 1 |  1.8
Throwing       | 1 |  1.8
Armour         | 1 |  1.8
Shields        | 1 |  1.8
Unarmed Combat | 1 |  1.8
Evocations     | 1 |  1.8
Conjurations   | 1 |  1.4
Charms         | 1 |  1.4
Summonings     | 1 |  1.4
Necromancy     | 1 |  1.4
Translocations | 1 |  1.4
Transmutations | 1 |  1.4
Fire Magic     | 1 |  1.4
Ice Magic      | 1 |  1.4
Air Magic      | 1 |  1.4
Earth Magic    | 1 |  1.4
Poison Magic   | 1 |  1.4
Short Blades   | 3 |  3.1
Dodging        | |  4.9
Hexes          | |  5.6

Action                   |  1- 3 |  4- 6 || total
-------------------------+-------+-------++-------
Melee: Dagger            |    57 |   108 ||   165
       Bite              |     4 |    11 ||    15
       Punch             |       |     1 ||     1
Throw: Stone             |    12 |       ||    12
 Cast: Corona            |     2 |       ||     2
       Ensorcelled Hiber |    12 |    59 ||    71
       Confuse           |       |     2 ||     2
  Use: Scroll            |       |     5 ||     5
       Potion            |       |     1 ||     1
 Stab: Sleeping          |    13 |    37 ||    50
       Confused          |       |     4 ||     4
  Eat: Chunk             |     1 |     7 ||     8
Armor: Robe              |    20 |    20 ||    40
Dodge: Dodged            |    49 |    79 ||   128
